 Dungeon Crawl Stone Soup version 0.30-a0-715-gdb4ae3ece1 (webtiles) character file.

Game seed: 5823064385852076927

236 NinjaNoafa the Magician (level 6, -1/47 HPs)
             Began as a Djinni Conjurer on Jan 24, 2023.
             Slain by a quokka (5 damage)
             ... on level 4 of the Dungeon.
             The game lasted 00:03:11 (2848 turns).

NinjaNoafa the Magician (Djinni Conjurer)           Turns: 2848, Time: 00:03:12

Health: -1/47      AC:  2    Str: 12    XL:     6   Next: 27%
Gold:   229        EV: 12    Int: 21    God:
                   SH:  0    Dex: 12

rFire   + + .      SeeInvis .    w - +0 short sword (venom)
rCold   x . .      Faith    .    (no shield)
rNeg    . . .      Spirit   .    a - +0 robe
rPois   ∞          Reflect  .    (no helmet)
rElec   .          Harm     .    (no cloak)
rCorr   .          Rampage  .    (no gloves)
Will    .....                    (boots unavailable)
Stlth   ++                       (no amulet)
HPRegen 0.27/turn                t - +6 ring of strength
MPRegen 0.00/turn                (no ring)

@: flying, very slightly contaminated
A: sickness immunity, fire resistance 2, cold vulnerability 1, float, innate
caster, HP casting, extra vitality 1
a: no special abilities


You were on level 4 of the Dungeon.
You visited 1 branch of the dungeon, and saw 4 of its levels.

You collected 229 gold pieces.

Inventory:

Hand Weapons
 v - a +0 dagger of flaming
 w - a +0 short sword of venom (weapon)
Missiles
 f - 6 javelins
 o - 11 poisoned darts
Armour
 a - a +0 robe (worn)
Magical Staves
 e - a staff of fire
Jewellery
 t - a +6 ring of strength (left hand)
Wands
 c - a wand of flame (24)
Scrolls
 d - a scroll of noise {unknown}
 h - 5 scrolls of magic mapping {unknown}
 i - 7 scrolls of identify {unknown}
 j - a scroll of poison {unknown}
 l - a scroll of amnesia {unknown}
 q - 3 scrolls of fear {unknown}
 r - 2 scrolls of enchant weapon {unknown}
 s - a scroll of fog {unknown}
 u - 2 scrolls of blinking {unknown}
Potions
 b - a potion of magic
 g - 2 potions of curing {unknown}
 k - 2 potions of haste {unknown}
 m - 2 potions of brilliance {unknown}
 n - a potion of flight {unknown}
 p - a potion of lignification {unknown}


   Skills:
 + Level 4.0 Fighting
 - Level 2.1 Dodging
 - Level 1.5 Stealth
 * Level 4.4 Spellcasting


You couldn't memorise any spells.
You knew the following spells:

 Your Spells              Type           Power      Damage    Failure   Level
a - Magic Dart            Conj           92%        1d7       1%          1
b - Searing Ray           Conj           46%        2d6       2%          2
c - Dazzling Flash        Conj/Hex       46%        N/A       5%          3
d - Fulminant Prism       Conj/Hex       11%        3d9       19%         4
e - Iskenderun's Mystic   Conj/Tloc      23%        2d6       19%         4
f - Beastly Appendage     Tmut           46%        N/A       1%          1
g - Call Imp              Summ           23%        N/A       2%          2
Your spell library was empty.

Dungeon Overview and Level Annotations

Branches:
Dungeon (4/15)
 Temple: D:4-7

Altars:
Cheibriados

Annotations:
D:4 3 runed translucent doors, soul19's ghost, amateur TrFi


Innate Abilities, Weirdness & Mutations

You are immune to sickness and miasma.
You are immune to poison.
Your flesh is very heat resistant. (rF++)
You are vulnerable to cold. (rC-)
You float through the air rather than walking.
You learn spells naturally, not from books.
Your magical power is your life essence.
You have superior vitality. (+4 MHP)


Message History

Press: ? - help, Shift-Dir - straight line, f - hound
Aim: a hound (almost dead, 69% to hit)
The searing ray hits the hound!
You kill the hound!
The searing ray hits the kobold.
You kill the kobold! (Press . to maintain the ray.)
* * * LOW HITPOINT WARNING * * *
The quokka barely misses you.
An orc comes into view. It is wielding a +0 flail.
Your Fighting skill increases to level 4!
The quokka bites you.
* * * LOW HITPOINT WARNING * * *
You see here a hound corpse.
The quokka barely misses you. The quokka bites you.
* * * LOW HITPOINT WARNING * * *
Items here: ! ( )) ††.
Okay, then.
w - a +0 short sword of venom The quokka closely misses you.
Your +0 dagger of flaming stops flaming.
Your +0 short sword of venom begins to drip with poison!
w - a +0 short sword of venom (weapon)
The orc shouts!
The quokka closely misses you.
You miss the quokka. The quokka misses you.
You hit the quokka but do no damage.
The quokka is poisoned.
The orc shouts loudly.
The quokka closely misses you.
Casting: Searing Ray (safe; 2% risk of failure)
Confirm with . or Enter, or press ? or * to list all spells.
Aiming: Searing Ray (safe; 2% risk of failure)
Press: ? - help, Shift-Dir - straight line, f - quokka
Aim: a quokka (very poisoned, 69% to hit)
You miscast Searing Ray.
You are very lightly contaminated with residual magic.
Nothing appears to happen.
* * * LOW HITPOINT WARNING * * *
The quokka bites you.
You die...

#### .... # ..... #> .....
....# # #.### ....[......# #.
...#####o....... ... ##.
#.##$..........[#.# #. ...
#†@rg.)...o.....#.# #.
#.###.##S...........#.. # #..
#.....##..#............
#.#..######.####..##.......#†>.
#...........####..# .#.........
..................# ##.##.##..
.........#####.##.# ......†)
#+++###.....♣.....# ......#.
....So#...#.~~~ . ###.#.#.


You could see an orc, a quokka (very poisoned), a goblin and a ball python.

Vanquished Creatures
  A scorpion (D:4)
  A hound (D:4)
  6 adders
  A worm (D:2)
  8 dart slugs
  An orc (D:4)
  5 bats
  7 endoplasms
  A giant cockroach (D:1)
  6 goblins
  8 hobgoblins
  6 jackals
  5 kobolds
  6 ball pythons
  5 frilled lizards
  2 rats
69 creatures vanquished.

Vanquished Creatures (collateral kills)
  An orc (D:3)
  A giant cockroach (D:4)
  A kobold (D:3)
3 creatures vanquished.

Vanquished Creatures (others)
  20 plants (D:4)
20 creatures vanquished.

Grand Total: 92 creatures vanquished

Notes
Turn   | Place    | Note
-------+----------+-------------------------------------------
     0 | D:1      | NinjaNoafa the Djinni Conjurer began the quest for the Orb.
     0 | D:1      | NinjaNoafa set off with the following spells memorised:
                  | Magic Dart, Searing Ray, Dazzling Flash, Fulminant Prism,
                  | Iskenderun's Mystic Blast.
     0 | D:1      | Reached XP level 1. HP: 15/15 MP: 0/0
    65 | D:1      | Reached skill level 1 in Fighting
   108 | D:1      | Reached XP level 2. HP: 18/23 MP: 0/0
   327 | D:1      | Reached XP level 3. HP: 28/29 MP: 0/0
   327 | D:1      | Learned a level 1 spell: Beastly Appendage
   786 | D:2      | Reached XP level 4. HP: 22/35 MP: 0/0
  1586 | D:3      | Found a faded altar of an unknown god.
  1881 | D:3      | Reached XP level 5. HP: 39/40 MP: 0/0
  1881 | D:3      | Learned a level 2 spell: Call Imp
  2686 | D:4      | Found a snail-covered altar of Cheibriados.
  2783 | D:4      | Reached XP level 6. HP: 19/47 MP: 0/0
  2797 | D:4      | Noticed soul19's ghost (amateur TrFi)
  2812 | D:4      | Found a runed translucent gate.
  2812 | D:4      | Found a runed translucent gate.
  2812 | D:4      | Found a runed translucent gate.
  2848 | D:4      | Slain by a quokka

Illustrated notes

Levels and vault maps discovered:
D:1:      dpeg_arrival_arbitrary_b, layout_rooms
D:2:      layout_basic, minmay_misc_feat_alley, minmay_diced_spiral
D:3:      layout_loops_ring, nicolae_ecumenical_oubliette
D:4:      layout_loops_ring, kennysheep_slug_shrine, serial_bayou,
          serial_bayou_crossing, serial_bayou_pond_d, serial_bayou_pond_b,
          serial_bayou_pond_c, gammafunk_ghost_split, uniq_sigmund

Skill      XL: |  1  2  3  4  5  6 |
---------------+-------------------+-----
Fighting       | 1 2 3 4 |  4.0
Spellcasting   | 4 |  4.4
Dodging        | |  2.1
Stealth        | |  1.5

Action                     |  1- 3 |  4- 6 || total
---------------------------+-------+-------++-------
  Melee: Dagger            |    28 |    40 ||    68
         Headbutt          |     2 |     1 ||     3
         Punch             |       |     1 ||     1
         Short sword       |       |     2 ||     2
   Cast: Magic Dart        |    53 |    68 ||   121
         Searing Ray       |     2 |    10 ||    12
         Beastly Appendage |     2 |     2 ||     4
         Call Imp          |       |     3 ||     3
 Armour: Robe              |     4 |    19 ||    23
  Dodge: Dodged            |    23 |    73 ||    96

Table legend: (Time is in decaauts)
 A = Elapsed time spent in this place.
 B = Non-inter-level travel time spent in this place.
 C = Inter-level travel time spent in this place.
 D = Time resting spent in this place.
 E = Time spent auto-exploring this place.
 F = Levels seen in this place.
 G = Mean time per level.
                   A        B        C        D        E       F      G
               +--------+--------+--------+--------+--------+-----+--------+
         Total |   2845 |   2781 |     64 |      0 |   2295 |   4 |  711.2 |
       Dungeon |   2845 |   2781 |     64 |      0 |   2295 |   4 |  711.2 |
               +--------+--------+--------+--------+--------+-----+--------+

Top non-repeatable levels by time:
     D:2: 928 daAuts
     D:3: 900 daAuts
     D:1: 656 daAuts
     D:4: 359 daAuts
